 Dungeon Crawl Stone Soup version 0.30-a0-374-g95c0257040 (webtiles) character file.

Game seed: 6597477630264969267

2503 purpskrrrp the Carver (level 9, -6/69 HPs)
             Began as a Merfolk Monk on Nov 26, 2022.
             Was an Initiate of Gozag.
             Mangled by an orc
             ... wielding a +2 hand axe of electrocution
              (20 damage)
             ... on level 8 of the Dungeon.
             The game lasted 00:12:46 (7897 turns).

purpskrrrp the Carver (Merfolk Monk)                Turns: 7897, Time: 00:12:46

Health: -6/69      AC: 15    Str: 11    XL:     9   Next: 53%
Magic:  9/9        EV:  7    Int:  9    God:    Gozag
Gold:   693        SH: 12    Dex: 27    Spells: 8/8 levels left

rFire   . . .      SeeInvis .    y - +2 short sword (speed)
rCold   . . .      Faith    .    r - +0 kite shield
rNeg    . . .      Spirit   .    x - +4 chain mail
rPois   .          Reflect  .    C - +0 helmet
rElec   .          Harm     .    (no cloak)
rCorr   .          Rampage  .    g - +0 pair of gloves
Will    .....                    (no boots)
Stlth   ..........               (no amulet)
HPRegen 0.31/turn                n - +4 ring of slaying
MPRegen 0.11/turn                t - +6 ring of dexterity

@: hasted, very quick
A: (nimble swimmer 2), mertail
a: Renounce Religion, Potion Petition, Call Merchant, Bribe Branch


You were on level 8 of the Dungeon.
You worshipped Gozag.
Gozag was pleased with you.
You visited 2 branches of the dungeon, and saw 9 of its levels.

You collected 693 gold pieces.

Inventory:

Hand Weapons
 a - a +1 falchion
 h - the +4 short sword of the Three Planets {vorpal, Will+ Str-4 Int+2}
   (You found it on level 5 of the Dungeon)

   It inflicts extra damage upon your enemies.
   Str:       It affects your strength (-4).
   Int:       It affects your intelligence (+2).
   Will:      It increases your willpower.
 y - a +2 short sword of speed (weapon)
 B - a +4 long sword
Missiles
 s - a throwing net (quivered)
 v - 2 javelins
Armour
 b - a +0 robe
 d - +1 fire dragon scales
 g - a +0 pair of gloves (worn)
 r - a +0 kite shield (worn)
 x - a +4 chain mail (worn)
 C - a +0 helmet (worn)
Jewellery
 c - a ring of ice
 k - a ring of fire
 n - a +4 ring of slaying (left hand)
 t - a +6 ring of dexterity (right hand)
 z - a +4 ring of evasion
Scrolls
 m - 2 scrolls of blinking
 w - a scroll of magic mapping
 A - a scroll of butterflies
Potions
 f - 4 potions of curing
 i - 4 potions of flight
 j - 2 potions of lignification {unknown}
 l - a potion of heal wounds {unknown}
 o - a potion of mutation {unknown}
 p - a potion of brilliance {unknown}
 q - 5 potions of degeneration {unknown}
 u - a potion of magic {unknown}


   Skills:
 + Level 6.2 Fighting
 + Level 2.9(6.4) Short Blades
 * Level 9.1(9.3) Long Blades
 + Level 3.2 Throwing
 * Level 3.4 Armour
 + Level 7.3 Dodging
 - Level 3.5 Stealth
 + Level 3.8 Shields


You had 8 spell levels left.
You didn't know any spells.
Your spell library contained the following spells:

 Spells                   Type           Power      Damage    Failure   Level
 Kiss of Death            Conj/Necr      0%         2d5       100%        1
 Shock                    Conj/Air       0%         1d3       100%        1
 Confusing Touch          Hex            0%         N/A       100%        3
 Swiftness                Air            0%         N/A       100%        3
 Airstrike                Air            0%         2d(0-16)  100%        4
 Dispel Undead            Necr           0%         3d6       100%        4


Dungeon Overview and Level Annotations

Branches:
Dungeon (8/15)             Temple (1/1) D:5
   Lair: D:8-11

Altars:
Ashenzari
Cheibriados
Dithmenos
Elyvilon
Fedhas
Gozag
Hepliaklqana
Kikubaaqudgha
Makhleb
Nemelex Xobeh
Okawaru
Qazlal
Ru
Sif Muna
Trog
Uskayaw
Vehumet
Xom
Yredelemnul
Zin
The Shining One

Shops:
D:1 [

Annotations:
D:6 2 transporters, jfcaron's ghost, novice GnRe


Innate Abilities, Weirdness & Mutations

((You are very nimble when in or above water. (Stealth+, EV+, Speed+++)))
Your lower body shifts to a powerful aquatic tail in water.


Message History

You block the orc's attack.
The two-headed ogre hits you with a +0 giant club.
The two-headed ogre hits you but does no damage.
The orc hits you but does no damage.
You hit the two-headed ogre.
The two-headed ogre is severely wounded.
You hit the two-headed ogre.
The two-headed ogre is severely wounded.
The orc hits you with a +2 hand axe of electrocution.
You are electrocuted!!
The two-headed ogre hits you with a +0 giant club!!
* * * LOW HITPOINT WARNING * * *
You block the two-headed ogre's attack.
You are too injured to fight recklessly!
You are too injured to fight recklessly!
You are too injured to fight recklessly!
You are too injured to fight recklessly!
You are too injured to fight recklessly!
You are too injured to fight recklessly!
You are too injured to fight recklessly!
You are too injured to fight recklessly!
You are too injured to fight recklessly!
You are too injured to fight recklessly!
You are too injured to fight recklessly!
You are too injured to fight recklessly!
You are too injured to fight recklessly!
You are too injured to fight recklessly!
You are too injured to fight recklessly!
You are too injured to fight recklessly!
You are too injured to fight recklessly!
You are too injured to fight recklessly!
You are too injured to fight recklessly!
You are too injured to fight recklessly!
You are too injured to fight recklessly!
You are too injured to fight recklessly!
You are too injured to fight recklessly!
You feel yourself speed up. The orc hits you but does no damage.
You are electrocuted!!
You die...
Your body crumbles into a pile of gold.

..... ... ..... ..#
#.... ...# #....
...# ....###...
..##..J)###
#.##o#O...#
#.##.@)#
#.####.#..o##
#........#.# #
#####.####.# #.
#..# #.# #.# ..
##.###.####.###
#.####.##......>..#
#.........#.......#
####..............#


You could see a two-headed ogre, a jelly and 2 orcs.

Vanquished Creatures
  A steam dragon (D:7)
  Menkaure (D:5)
  An orc warrior (D:7)
  A water moccasin (D:5)
  2 ice beasts
  2 black bears (D:7)
  An ogre (D:6)
  A sky beast (D:7)
  3 centaurs
  A phantom (D:6)
  2 kobold brigands (D:6)
  A bullfrog (D:7)
  A gnoll sergeant (D:6)
  7 wights (D:7)
  2 hounds (D:7)
  2 gnoll boudas
  An orc priest (D:6)
  3 iguanas
  An orc wizard (D:3)
  Natasha (D:2)
  7 adders
  11 gnolls
  2 shadow imps
  A white imp (D:5)
  2 ufetubi
  3 dart slugs
  19 orcs
  7 ball pythons
  10 endoplasms
  3 giant cockroaches
  3 goblins
  3 hobgoblins
  3 jackals (D:4)
  7 quokkas
  7 bats
  5 frilled lizards
  11 kobolds
  5 rats
144 creatures vanquished.

Notes
Turn   | Place    | Note
-------+----------+-------------------------------------------
     0 | D:1      | purpskrrrp the Merfolk Monk began the quest for the Orb.
     0 | D:1      | Reached XP level 1. HP: 18/18 MP: 1/1
    66 | D:1      | Found a faded altar of an unknown god.
   199 | D:1      | Reached XP level 2. HP: 17/24 MP: 2/2
   262 | D:1      | Reached skill level 4 in Long Blades
   617 | D:1      | Found Refes's Armour Emporium.
  1016 | D:2      | Reached XP level 3. HP: 26/29 MP: 3/3
  1757 | D:2      | Noticed Natasha
  1763 | D:2      | Killed Natasha
  1764 | D:2      | Reached XP level 4. HP: 23/37 MP: 4/4
  1981 | D:3      | Found a hide-covered altar of Uskayaw.
  2182 | D:3      | Found a shimmering altar of Xom.
  2200 | D:3      | Reached skill level 5 in Long Blades
  2231 | D:3      | Reached XP level 5. HP: 28/42 MP: 5/5
  2521 | D:3      | Reached skill level 5 in Dodging
  3524 | D:4      | Reached XP level 6. HP: 48/48 MP: 6/6
  3938 | D:5      | Entered Level 5 of the Dungeon
  4036 | D:5      | Noticed Menkaure
  4040 | D:5      | Killed Menkaure
  4041 | D:5      | Reached skill level 6 in Long Blades
  4041 | D:5      | Reached skill level 1 in Shields
  4121 | D:5      | Noticed a water moccasin
  4125 | D:5      | Killed a water moccasin
  4126 | D:5      | Reached XP level 7. HP: 55/55 MP: 7/7
  4135 | D:5      | Identified the +4 short sword of the Three Planets {vorpal,
                  | Will+ Str-4 Int+2}
  4516 | D:5      | Found a staircase to the Ecumenical Temple.
  4847 | Temple   | Entered the Ecumenical Temple
  4986 | Temple   | Became a worshipper of Gozag Ym Sagoz the Greedy
  5100 | D:6      | Found a transporter.
  5108 | D:6      | Found a transporter.
  5109 | D:6      | Noticed jfcaron's ghost (novice GnRe)
  5125 | D:6      | Reached skill level 5 in Fighting
  5125 | D:6      | Reached skill level 7 in Long Blades
  5187 | D:6      | Reached skill level 1 in Throwing
  5299 | D:6      | Reached skill level 1 in Armour
  5562 | D:6      | Reached XP level 8. HP: 36/62 MP: 8/8
  6400 | D:7      | Reached skill level 1 in Short Blades
  6400 | D:7      | Reached skill level 8 in Long Blades
  6724 | D:7      | Reached XP level 9. HP: 61/69 MP: 9/9
  7453 | D:7      | Reached skill level 9 in Long Blades
  7511 | D:7      | Found a blossoming altar of Fedhas.
  7885 | D:8      | Noticed a two-headed ogre
  7897 | D:8      | Mangled by an orc

Illustrated notes

Levels and vault maps discovered:
D:1:      sevenhm_arrival_forest_fort_large_4, layout_loops_ring,
          hellmonk_ecumenical_altar_pennies_from_heaven, serial_shops,
          nicolae_shop_statue_plus
D:2:      layout_loops_ring, hangedman_decor_push, minmay_puff, uniq_natasha
D:3:      layout_loops_corners, mainiacjoe_overflow_24_doors,
          nicolae_uskayaw_murder_on_the_dancefloor, kennysheep_boxes
D:4:      layout_rooms, hangedman_abyss_or_decor_stagger
D:5:      layout_basic, minmay_temple_entry_statues_fountains, uniq_menkaure
D:6:      layout_loops_cross, gammafunk_ghost_hive, kennysheep_nub,
          hangedman_decor_peaks_small, minmay_misc_feat_tower
D:7:      layout_gridville, lemuel_round_altar, nicolae_water_bricks
D:8:      layout_rooms
Temple:   nicolae_temple_two_arcs

Skill      XL: |  1  2  3  4  5  6  7  8  9 |
---------------+----------------------------+-----
Long Blades    | 4 5 6 7 8 9 |  9.1
Stealth        | 3 |  3.5
Fighting       | 4 5 6 |  6.2
Dodging        | 5 6 7 |  7.3
Shields        | 1 2 3 |  3.8
Throwing       | 1 2 3 |  3.2
Armour         | 1 2 3 |  3.4
Short Blades   | 1 2 |  2.9

Action                   |  1- 3 |  4- 6 |  7- 9 || total
-------------------------+-------+-------+-------++-------
Melee: Falchion          |   104 |   157 |    43 ||   304
       Punch             |     2 |       |       ||     2
       Short sword       |       |       |   299 ||   299
       Tailslap          |       |       |     2 ||     2
Throw: Javelin           |       |    12 |       ||    12
  Use: Scroll            |     4 |     5 |     3 ||    12
       Potion            |       |     3 |     2 ||     5
 Stab: Sleeping          |     7 |     1 |       ||     8
Armor: Robe              |    19 |       |       ||    19
       Fire dragon scale |    20 |    91 |    14 ||   125
       Chain mail        |       |       |   152 ||   152
Dodge: Dodged            |    58 |    87 |    79 ||   224
Block: Kite shield       |       |     1 |   157 ||   158

Table legend: (Time is in decaauts)
 A = Elapsed time spent in this place.
 B = Non-inter-level travel time spent in this place.
 C = Inter-level travel time spent in this place.
 D = Time resting spent in this place.
 E = Time spent auto-exploring this place.
 F = Levels seen in this place.
 G = Mean time per level.
                   A        B        C        D        E       F      G
               +--------+--------+--------+--------+--------+-----+--------+
         Total |   7812 |   7331 |    481 |    468 |   5573 |   9 |  868.0 |
       Dungeon |   7672 |   7213 |    459 |    468 |   5495 |   8 |  959.0 |
        Temple |    139 |    117 |     22 |      0 |     78 |   1 |  139.0 |
               +--------+--------+--------+--------+--------+-----+--------+

Top non-repeatable levels by time:
     D:3: 1401 daAuts
     D:6: 1370 daAuts
     D:7: 1246 daAuts
     D:5: 998 daAuts
     D:1: 983 daAuts
     D:2: 886 daAuts
     D:4: 686 daAuts
  Temple: 139 daAuts
     D:8: 99 daAuts
